 Dungeon Crawl Stone Soup version 0.17.0-25-gefc9c12 (webtiles) character file.

723 Raultor the Insei (level 7, 0/46 HPs)
             Began as an Octopode Transmuter on Nov 18, 2015.
             Was an Initiate of Cheibriados.
             Slain by an ogre
             ... wielding a +0 giant club
              (23 damage)
             ... on level 5 of the Dungeon.
             The game lasted 00:14:13 (6737 turns).

Raultor the Insei (Octopode Transmuter)             Turns: 6737, Time: 00:14:13

Health: 0/46       AC:  1    Str: 10    XL:     7   Next: 71%
Magic:  10/10      EV: 14    Int: 17    God:    Cheibriados [......]
Gold:   328        SH:  0    Dex: 15    Spells: 2 memorised, 5 levels left

rFire  . . .     SeeInvis .       - Unarmed
rCold  . . .     Clarity  .     (no shield)
rNeg   . . .     SustAt   .     (helmet restricted)
rPois  .         Gourm    .     (no amulet)
rElec  .         Spirit   .     (no ring)
rCorr  .         Warding  .     (no ring)
rMut   .         Stasis   .     (no ring)
MR     .....                    (no ring)
Stlth  ++........               (no ring)
                                (no ring)
                                (no ring)
                                (no ring)

@: very slow, not resistant to hostile enchantments, unstealthy
A: almost no armour, amphibious, 8 rings, constrict 8, camouflage 1, gelatinous
body 1
a: Bend Time, Renounce Religion


You were on level 5 of the Dungeon.
You worshipped Cheibriados.
Cheibriados was noncommittal.
You were not hungry.

You visited 2 branches of the dungeon, and saw 6 of its levels.

You collected 328 gold pieces.

Inventory:

Missiles
 a - 34 arrows
 i - 2 javelins
 m - 98 stones (quivered)
Scrolls
 e - a scroll of enchant weapon {unknown}
 f - 5 scrolls of identify
 g - a scroll of teleportation {unknown}
 h - a scroll of blinking {unknown}
 l - 2 scrolls of immolation {unknown}
 n - 3 scrolls of magic mapping {unknown}
 p - 2 scrolls of amnesia {unknown}
 u - a scroll of recharging {unknown}
Potions
 o - a potion of mutation {unknown}
 q - a potion of haste
 r - a potion of might {unknown}
 v - a potion of agility {unknown}
Books
 b - a book of Changes

   Spells                             Type                      Level
   a - Beastly Appendage              Transmutation                1
   b - Sticks to Snakes               Transmutation                2
   c - Spider Form                    Transmutation/Poison         3
   d - Ice Form                       Ice/Transmutation            4
   e - Blade Hands                    Transmutation                5
 j - a book of Minor Magic

   Spells                             Type                      Level
   a - Magic Dart                     Conjuration                  1
   b - Blink                          Translocation                2
   c - Call Imp                       Summoning                    2
   d - Repel Missiles                 Charms/Air                   2
   e - Slow                           Hexes                        2
   f - Conjure Flame                  Conjuration/Fire             3
   g - Mephitic Cloud                 Conjuration/Poison/Air       3
Comestibles
 c - 6 bread rations
 d - 7 meat rations
 k - 6 fruits
 s - 4 chunks of flesh
 t - a slice of pizza


   Skills:
 + Level 3.4 Fighting
 + Level 4.6 Dodging
 + Level 5.3 Unarmed Combat
 - Level 2.0 Spellcasting
 * Level 3.4 Transmutations
 * Level 2.6 Ice Magic


You had 5 spell levels left.
You knew the following spells:

 Your Spells              Type           Power        Failure   Level  Hunger
a - Beastly Appendage     Trmt           ##....       6%          1    #......
b - Ice Form              Ice/Trmt       ##......     58%         4    #####..


Dungeon Overview and Level Annotations

Branches:
Dungeon (5/15)             Temple (1/1) D:4

Altars:
Ashenzari
Cheibriados
Dithmenos
Elyvilon
Fedhas
Gozag
Kikubaaqudgha
Makhleb
Nemelex Xobeh
Okawaru
Qazlal
Ru
Sif Muna
Trog
Vehumet
Xom
Yredelemnul
Zin
The Shining One

Annotations:
D:5 heinrich's ghost, novice GrAr


Innate Abilities, Weirdness & Mutations

You cannot wear most types of armour.
You are amphibious.
You can wear up to eight rings at the same time.
You can use your tentacles to constrict eight enemies at once.
Your skin changes colour to match your surroundings (Stealth).
Your rubbery body absorbs attacks (AC +1).


Message History

You tentacle-slap the ogre. You squeeze the ogre.
The ogre is lightly wounded.
The ogre misses you.
You bludgeon the ogre! You squeeze the ogre.
The ogre is heavily wounded.
The ogre closely misses you.
You bludgeon the ogre!
The ogre is severely wounded.
The ogre hits you with a giant club!!
Ouch! That really hurt!
You tentacle-slap the ogre.
The ogre is severely wounded.
You barely miss the ogre.
The ogre is severely wounded.
The ogre barely misses you.
You tentacle-slap the ogre but do no damage.
The ogre is severely wounded.
The ogre hits you with a giant club!!
Ouch! That really hurt!
You die...

...........# #......#
...###...(.# #......#
...# #...(.# #......+
...# #.....# ##.....#
...# #.....# #.....#
...# #.....# #.....#
######.....# #.....#
..........######.....#
...###........#.@....#
<..# #........#O.....#
...# #........#......#
...# #........#......#
...# #........#......#
...# #........#.?....+
...# #........#......#
...# #........#......#
...# ##########


You could see an ogre.

Vanquished Creatures
  An ogre (D:4)
  A centaur (D:5)
  A giant frog (D:3)
  3 orc wizards (D:4)
  Crazy Yiuf (D:3)
  A jelly (D:5)
  Jessica (D:3)
  6 worker ants (D:4)
  6 adders
  4 oozes
  An adder zombie (D:4)
  2 worms (D:2)
  4 giant geckos
  14 orcs
  2 bats
  5 giant cockroaches
  8 goblins
  7 hobgoblins
  15 jackals
  4 quokkas
  A ball python skeleton (D:4)
  3 giant newts
  8 kobolds
  A quokka skeleton (D:4)
  8 rats
108 creatures vanquished.

Notes
Turn   | Place    | Note
--------------------------------------------------------------
     0 | D:1      | Raultor the Octopode Transmuter began the quest for the Orb.
     0 | D:1      | Reached XP level 1. HP: 13/13 MP: 3/3
   218 | D:1      | Reached XP level 2. HP: 18/18 MP: 5/5
  1155 | D:2      | Reached XP level 3. HP: 11/23 MP: 6/6
  1528 | D:2      | Reached skill level 4 in Unarmed Combat
  2004 | D:2      | Reached XP level 4. HP: 21/28 MP: 7/7
  2187 | D:2      | Learned a level 4 spell: Ice Form
  2816 | D:3      | Found a shadowy altar of Dithmenos.
  2966 | D:3      | Noticed Crazy Yiuf
  2975 | D:3      | Killed Crazy Yiuf
  2975 | D:3      | Reached skill level 1 in Ice Magic
  2975 | D:3      | Reached XP level 5. HP: 2/34 MP: 8/8
  3283 | D:3      | Noticed Jessica
  3291 | D:3      | Killed Jessica
  3424 | D:3      | Noticed a giant frog
  3431 | D:3      | Killed a giant frog
  3590 | D:3      | Reached XP level 6. HP: 34/39 MP: 9/9
  4870 | D:4      | Reached skill level 5 in Unarmed Combat
  4882 | D:4      | Found a sparkling altar of Nemelex Xobeh.
  5070 | D:4      | Reached XP level 7. HP: 23/46 MP: 10/10
  5636 | D:4      | Found a staircase to the Ecumenical Temple.
  5649 | Temple   | Entered the Ecumenical Temple
  5873 | Temple   | Became a worshipper of Cheibriados the Contemplative
  5891 | D:4      | Found a bloodstained altar of Trog.
  5999 | D:4      | Found a glowing silver altar of Zin.
  6000 | D:4      | Found a radiant altar of Vehumet.
  6001 | D:4      | Found a sacrificial altar of Ru.
  6002 | D:4      | Found a shimmering altar of Xom.
  6343 | D:5      | Entered Level 5 of the Dungeon
  6514 | D:5      | Found a blossoming altar of Fedhas.
  6695 | D:5      | Noticed heinrich's ghost (novice GrAr)
  6737 | D:5      | Slain by an ogre

Action                   |  1- 3 |  4- 6 |  7- 9 || total
-------------------------+-------+-------+-------++-------
Melee: Unarmed           |    62 |   140 |    64 ||   266
Throw: Stone             |       |     6 |     7 ||    13
  Use: Scroll            |     2 |       |       ||     2
       Potion            |       |     1 |       ||     1
 Stab: Sleeping          |     4 |     7 |     1 ||    12
  Eat: Chunk             |     3 |     9 |     7 ||    19
